 Dungeon Crawl Stone Soup version 0.29-a0-284-gf9362112df (webtiles) character file.

Game seed: 1730091697022257848

87 soylentgreeen202 the Stinger (level 4, 0/36 HPs)
             Began as a Naga Venom Mage on Jan 9, 2022.
             Was a Follower of Uskayaw.
             Slain by a goblin
             ... wielding a +0 club
             ... led by Robin
              (3 damage)
             ... on level 2 of the Dungeon on Mar 25, 2022.
             The game lasted 00:26:57 (1833 turns).

soylentgreeen202 the Stinger (Naga Venom Mage)      Turns: 1833, Time: 00:26:58

Health: 0/36       AC:  2    Str: 10    XL:     4   Next: 51%
Magic:  0/7        EV:  9    Int: 18    God:    Uskayaw [*.....]
Gold:   78         SH:  0    Dex: 11    Spells: 1/7 levels left

rFire   . . .      SeeInvis +   k - +0 dagger
rCold   . . .      Faith    .   (no shield)
rNeg    . . .      Spirit   .   a - +0 robe
rPois   +          Reflect  .   (no helmet)
rElec   .          Harm     .   (no cloak)
rCorr   .          Rampage  .   (no gloves)
Will    .....                   (no barding)
Stlth   +++.......              (no amulet)
HPRegen 0.12/turn               (no ring)
MPRegen 0.10/turn               (no ring)

@: about to teleport, very slow
A: AC +1, large, see invisible, deformed body, poison resistance, slowness 2,
spit poison 1, naga tail 1
a: Spit Poison, Renounce Religion, Stomp


You were on level 2 of the Dungeon.
You worshipped Uskayaw.
Uskayaw was noncommittal.
You visited 1 branch of the dungeon, and saw 2 of its levels.

You collected 78 gold pieces.

Inventory:

Hand Weapons
 e - a +0 short sword
 k - a +0 dagger (weapon)
Missiles
 b - 15 bolts
 m - 15 poisoned darts (quivered)
Armour
 a - a +0 robe (worn)
Magical Staves
 f - a staff of fire
Scrolls
 d - a scroll of amnesia {unknown}
 g - a scroll of identify {unknown}
 j - a scroll of enchant weapon {unknown}
 l - a scroll of fog {unknown}
Potions
 h - a potion of ambrosia {unknown}
 i - a potion of curing {unknown}


   Skills:
 - Level 1.5 Dodging
 - Level 5.0 Stealth
 - Level 0.2 Unarmed Combat
 - Level 2.0 Spellcasting
 + Level 1.2 Conjurations
 - Level 1.0 Transmutations
 + Level 0.6 Air Magic
 - Level 5.3 Poison Magic


You had one spell level left.
You knew the following spells:

 Your Spells              Type           Power      Damage    Failure   Level
a - Sting                 Tmut/Pois      52%        1d5       4%          1
b - Poisonous Vapours     Pois/Air       24%        N/A       9%          2
c - Mephitic Cloud        Conj/Pois/Air  10%        N/A       21%         3

Your spell library contained the following spells:

 Spells                   Type           Power      Damage    Failure   Level
 Animate Skeleton         Necr           2%         N/A       19%         1
 Apportation              Tloc           2%         N/A       19%         1
 Summon Small Mammal      Summ           4%         N/A       19%         1
 Olgreb's Toxic Radiance  Pois           20%        N/A       21%         4
 Summon Guardian Golem    Hex/Summ       1%         N/A       47%         3
 Orb of Destruction       Conj           3%         9d5       100%        7
 Spellforged Servitor     Conj/Summ      2%         N/A       100%        7


Dungeon Overview and Level Annotations

Branches:
Dungeon (2/15)

Altars:
Uskayaw


Innate Abilities, Weirdness & Mutations

Your serpentine skin is tough. (AC +1)
You have supernaturally acute eyesight. (SInv)
Armour fits poorly on your strangely shaped body.
Your system is resistant to poisons. (rPois)
You cover ground very slowly.
You can spit poison.
You have a snake-like lower body.


Message History

The goblin completely misses you. Robin throws the goblin at you!
The goblin hits you with a +0 club. The goblin hits you but does no damage.
The goblin hits you with a +0 dagger.
You kill the goblin!
Robin's bangles clink loudly.
The goblin closely misses you.
Throw: 16 darts (poison)
Press: ? - help, Q - select action, (/) - cycle Shift-Dir - straight line, f - goblin
Aim: a goblin, wielding a +0 club (strong, 45% to hit)
You throw a poisoned dart.
The poisoned dart closely misses the goblin.
The poisoned dart hits the goblin.
The goblin is poisoned.
Robin throws the goblin at you!
* * * LOW HITPOINT WARNING * * *
The goblin hits you with a +0 club.
* * * LOW HITPOINT WARNING * * *
Unknown command.
The goblin no longer looks unusually strong.
The goblin hits you but does no damage. The goblin hits you with a +0 dagger.
* * * LOW HITPOINT WARNING * * *
As you read the scroll labelled WYUGEN MOKKER, it crumbles to dust.
You feel strangely unstable.
It was a scroll of teleportation.
Robin roars a battlecry!
The goblin goes into a battle-frenzy!
The goblin closely misses you. The goblin barely misses you.
Robin throws the goblin at you!
Casting: Sting (safe; 4% risk of failure)
Confirm with . or Enter, or press ? or * to list all spells.
Aiming: Sting (safe; 4% risk of failure)
Press: ? - help, Shift-Dir - straight line, f - Robin, p - goblin
Aim: Robin, wielding a +0 club, wearing a +2 animal skin and wearing a +0 helmet (almost dead, fast, very poisoned, 79% to hit)
The sting hits Robin.
Robin looks even sicker.
Robin is almost dead.
You kill Robin!
The goblin no longer looks unusually strong.
The goblin hits you with a +0 club.
* * * LOW HITPOINT WARNING * * *
The goblin closely misses you. The goblin attacks as you move away!
The goblin hits you with a +0 club.
You die...

#.)...# ............#..
#.....# ............#<.
#####.# ............#.#
#.# ...#.......#..
#####.###.............###
#........................
#####)#############......
#().g.###### #...... #...
#...(###@g...... #......
##... #...(##...#####.
#...... #8...8#....##..##
#.# #......
#...##....##..#### #.#
#......
#.........+......# #.#
#......
#.........######.# #.#
#.##.## #.......### #.#
#.# #.#...# #.......+.#
#.# #.# #..._..
######.......#.## #.###.#
#.#.(.#


You could see 2 goblins.

Vanquished Creatures
  Jessica (D:2)
  Robin (D:2)
  A worm (D:2)
  2 dart slugs
  10 ball pythons
  4 endoplasms
  3 giant cockroaches
  7 goblins (D:2)
  2 hobgoblins (D:2)
  2 kobolds (D:1)
  2 quokkas
  A bat (D:1)
  3 frilled lizards
  2 rats (D:1)
41 creatures vanquished.

Notes
Turn   | Place    | Note
-------+----------+-------------------------------------------
     0 | D:1      | soylentgreeen202 the Naga Venom Mage began the quest for
                  | the Orb.
     0 | D:1      | Reached XP level 1. HP: 15/15 MP: 3/3
   230 | D:1      | Reached XP level 2. HP: 22/22 MP: 1/5
   713 | D:1      | Learned a level 2 spell: Poisonous Vapours
   768 | D:1      | Reached skill level 5 in Stealth
   900 | D:2      | Reached XP level 3. HP: 28/28 MP: 6/6
  1241 | D:2      | Upgraded the game from 0.28-a0-1435-g82390b3a13 to
                  | 0.28-a0-1510-gd0f6b136d3
  1413 | D:2      | Noticed Robin
  1499 | D:2      | Learned a level 3 spell: Mephitic Cloud
  1609 | D:2      | Found a faded altar of an unknown god.
  1613 | D:2      | Prayed at the altar of an unknown god.
  1613 | D:2      | Became a worshipper of Uskayaw the Reveller
  1613 | D:2      | Reached * piety under Uskayaw
  1614 | D:2      | Upgraded the game from 0.28-a0-1510-gd0f6b136d3 to
                  | 0.29-a0-284-gf9362112df
  1742 | D:2      | Noticed Jessica
  1747 | D:2      | Killed Jessica
  1748 | D:2      | Reached skill level 5 in Poison Magic
  1748 | D:2      | Reached XP level 4. HP: 36/36 MP: 7/7
  1770 | D:2      | Reached skill level 1 in Conjurations
  1832 | D:2      | Killed Robin
  1833 | D:2      | Slain by a goblin

Illustrated notes

Levels and vault maps discovered:
D:1:      lightli_arrival_statuegarden, layout_basic
D:2:      layout_basic, ebering_ecumenical_altar_box, serial_corexii_hall,
          corexii_hall_statues_i, corexii_hall_statues_u, minmay_tromino_v4_b,
          uniq_jessica, uniq_robin

Skill      XL: |  1  2  3  4 |
---------------+-------------+-----
Stealth        | 4 5 |  5.0
Poison Magic   | 5 |  5.3
Conjurations   | 1 |  1.2
Dodging        | |  1.5
Unarmed Combat | |  0.2
Spellcasting   | |  2.0
Transmutations | |  1.0
Air Magic      | |  0.6

Action                   |  1- 3 |  4- 6 || total
-------------------------+-------+-------++-------
Melee: Unarmed           |     1 |       ||     1
       Short sword       |    10 |       ||    10
       Dagger            |     9 |     9 ||    18
Throw: Dart              |       |     3 ||     3
 Cast: Sting             |    52 |     3 ||    55
       Poisonous Vapours |     1 |     3 ||     4
  Use: Scroll            |       |     1 ||     1
 Stab: Sleeping          |     2 |     1 ||     3
       Distracted        |     1 |       ||     1
Armor: Robe              |     3 |     3 ||     6
Dodge: Dodged            |    11 |    10 ||    21

Table legend: (Time is in decaauts)
 A = Elapsed time spent in this place.
 B = Non-inter-level travel time spent in this place.
 C = Inter-level travel time spent in this place.
 D = Time resting spent in this place.
 E = Time spent auto-exploring this place.
 F = Levels seen in this place.
 G = Mean time per level.
                   A        B        C        D        E       F      G
               +--------+--------+--------+--------+--------+-----+--------+
         Total |   2231 |   2035 |    196 |    623 |    307 |   2 | 1115.5 |
       Dungeon |   2231 |   2035 |    196 |    623 |    307 |   2 | 1115.5 |
               +--------+--------+--------+--------+--------+-----+--------+

Top non-repeatable levels by time:
     D:1: 1169 daAuts
     D:2: 1061 daAuts
